 Dungeon Crawl Stone Soup version 0.27.1-1-g398f81649c (webtiles) character file.

Game seed: 17362894682785314677

527 Borgoz the Slasher (level 7, 0/44 HPs)
             Began as a Gargoyle Berserker on Sept 20, 2021.
             Was a Priest of Trog.
             Shot with an arrow by a centaur (7 damage)
             ... on level 5 of the Dungeon.
             The game lasted 00:03:34 (3519 turns).

Borgoz the Slasher (Gargoyle Berserker)             Turns: 3519, Time: 00:03:34

Health: 0/44       AC: 16    Str: 21    XL:     7   Next: 23%
Magic:  7/7        EV: 10    Int:  7    God:    Trog [***...]
Gold:   150        SH:  0    Dex: 11    Spells: 6/6 levels left

rFire    . . .     SeeInvis .   a - +0 falchion
rCold    . . .     Faith    .   (no shield)
rNeg     + . .     Spirit   .   o - +0 scale mail
rPois    ∞         Reflect  .   (no helmet)
rElec    +         Harm     .   j - +2 cloak
rCorr    .         Rampage  .   l - +0 pair of gloves
Will     .....                  (no boots)
Stlth    ..........             (no amulet)
HPRegen  0.14/turn              (no ring)
MPRegen  0.10/turn              (no ring)

@: on berserk cooldown, slowed, very slow
A: sickness immunity, AC +4, negative energy resistance 1, electricity
resistance, torment resistance 1, petrification resistance
a: Renounce Religion, Berserk, Trog's Hand


You were on level 5 of the Dungeon.
You worshipped Trog.
Trog was most pleased with you.
You visited 1 branch of the dungeon, and saw 5 of its levels.

You collected 150 gold pieces.

Inventory:

Hand Weapons
 a - a +0 falchion (weapon)
Armour
 j - a +2 cloak (worn)
 l - a +0 pair of gloves (worn)
 o - a +0 scale mail (worn)
 r - a +0 pair of boots
Scrolls
 c - 3 scrolls of identify {unknown}
 e - a scroll of fear {unknown}
 f - a scroll of teleportation {unknown}
 g - a scroll of immolation {unknown}
 h - 2 scrolls of magic mapping {unknown}
 i - a scroll of amnesia {unknown}
Potions
 b - a potion of mutation {unknown}
 d - a potion of heal wounds {unknown}
 k - a potion of curing {unknown}
 m - a potion of flight {unknown}
 n - a potion of degeneration {unknown}
 p - a potion of might {unknown}
 q - a potion of attraction {unknown}


   Skills:
 + Level 4.9 Fighting
 * Level 5.0 Long Blades
 + Level 4.1 Armour
 + Level 3.1 Dodging


You had 6 spell levels left.
You didn't know any spells.
Your spell library was empty.

Dungeon Overview and Level Annotations

Branches:
Dungeon (5/15)
 Temple: D:4-7

Altars:
Uskayaw

Shops:
D:1 !*?*[


Innate Abilities, Weirdness & Mutations

You are immune to sickness and miasma.
Your stone body is resilient. (AC +4)
You are immune to poison.
You resist negative energy. (rN+)
You are resistant to electric shocks. (rElec)
You are resistant to unholy torment.
You are immune to petrification.


Message History

You hit the iguana.
The iguana is almost dead.
You are no longer berserk.
You are exhausted.
You feel yourself slow down. The iguana closely misses you.
You riposte.
You barely miss the iguana.
The iguana is almost dead.
You hit the iguana.
You kill the iguana!
Trog accepts your kill. The adder bites you but does no damage.
The adder barely misses you. The adder misses you.
You closely miss the adder. The adder bites you but does no damage.
You slash the adder!
The adder is severely wounded.
The adder bites you but does no damage. The adder completely misses you.
The adder bites you but does no damage.
You hit the adder.
The adder is almost dead.
The adder closely misses you. x2; You riposte.
You hit the adder.
You kill the adder!
Trog accepts your kill.
Found 15 bolts.
Things that are here:
a +0 giant club; an adder corpse
Found a hide-covered altar of Uskayaw.
You see here a +0 pair of boots.
r - a +0 pair of boots
Found a stone staircase leading down.
A centaur comes into view.
The centaur wields a +0 shortbow.
The centaur shoots an arrow.
The arrow closely misses you.
The centaur shoots an arrow.
The arrow hits you.
* * * LOW HITPOINT WARNING * * *
The centaur shoots an arrow.
The arrow completely misses you.
The centaur shoots an arrow.
The arrow hits you but does no damage.
There is a stone staircase leading up here.
The centaur shoots an arrow.
The arrow hits you.
* * * LOW HITPOINT WARNING * * *
The centaur shoots an arrow.
The arrow hits you!
You die...

##......#
...c....###
......... #......#
#......# #.
#......## ...
.#######......##....
...........@#.....>.
.....####..........
...##........###....
.......).....# .
..........#.......
..................
...................
(..##..........####
.. ......8.8.....


You could see a centaur.

Vanquished Creatures
  A water moccasin (D:5)
  An ogre (D:5)
  A howler monkey (D:4)
  A hound (D:4)
  Crazy Yiuf (D:3)
  An orc priest (D:4)
  An iguana (D:5)
  Terence (D:3)
  6 adders
  2 worms (D:2)
  2 dart slugs
  2 orcs (D:4)
  7 endoplasms
  4 giant cockroaches
  3 goblins
  9 hobgoblins
  9 jackals
  6 kobolds
  8 quokkas
  12 ball pythons
  11 bats
  3 frilled lizards (D:1)
  6 rats
98 creatures vanquished.

Notes
Turn   | Place    | Note
-------+----------+-------------------------------------------
     0 | D:1      | Borgoz the Gargoyle Berserker began the quest for the Orb.
     0 | D:1      | Reached XP level 1. HP: 14/14 MP: 1/1
     8 | D:1      | Found Ihaugav's Antique Armour Shoppe.
    16 | D:1      | Found a faded altar of an unknown god.
    39 | D:1      | Reached XP level 2. HP: 19/19 MP: 2/2
   192 | D:1      | Reached skill level 3 in Long Blades
   301 | D:1      | Found Varaliac's Distillery.
   367 | D:1      | Found Saypunio's Assorted Antiques.
   532 | D:1      | Reached XP level 3. HP: 21/23 MP: 3/3
   634 | D:1      | Found Qutim's Magic Scroll Emporium.
   698 | D:1      | Found Piraing's Assorted Antiques.
  1058 | D:2      | Reached ** piety under Trog
  1434 | D:2      | Reached XP level 4. HP: 28/29 MP: 4/4
  2557 | D:3      | Reached XP level 5. HP: 33/33 MP: 5/5
  2598 | D:3      | Noticed Terence
  2613 | D:3      | Killed Terence
  2613 | D:3      | Reached *** piety under Trog
  2868 | D:3      | Found a runed translucent door.
  2869 | D:3      | Noticed Crazy Yiuf
  2936 | D:3      | Killed Crazy Yiuf
  2937 | D:3      | Reached skill level 4 in Long Blades
  3088 | D:4      | Reached XP level 6. HP: 38/39 MP: 6/6
  3487 | D:5      | Entered Level 5 of the Dungeon
  3490 | D:5      | Noticed a water moccasin
  3504 | D:5      | Killed a water moccasin
  3505 | D:5      | Reached skill level 5 in Long Blades
  3505 | D:5      | Reached XP level 7. HP: 16/44 MP: 7/7
  3513 | D:5      | Found a hide-covered altar of Uskayaw.
  3519 | D:5      | Shot with an arrow by a centaur

Illustrated notes

Levels and vault maps discovered:
D:1:      eino_arrival_water_cross, layout_basic, serial_shops, shop,
          nicolae_shop_waterfront, nicolae_shop_overgrown_old_shop,
          nicolae_shop_stone, shop, hellmonk_ecumenical_altar_crossroads
D:2:      layout_rooms, kennysheep_generic_room_15
D:3:      layout_rooms, uniq_crazy_yiuf_cottage, uniq_terence
D:4:      layout_cave_pools
D:5:      layout_rooms, nicolae_uskayaw_dance_hall, serial_shops,
          nicolae_square_shop, uniq_ijyb, uniq_menkaure

Skill      XL: |  1  2  3  4  5  6 |
---------------+-------------------+-----
Long Blades    | 3 4 5 |  5.0
Dodging        | 2 3 |  3.1
Armour         | 3 4 |  4.1
Fighting       | 4 |  4.9

Action                   |  1- 3 |  4- 6 |  7- 9 || total
-------------------------+-------+-------+-------++-------
Melee: Falchion          |   110 |   206 |     6 ||   322
Invok: Berserk           |       |     4 |       ||     4
Armor: Animal skin       |    50 |    46 |       ||    96
       Scale mail        |       |    61 |     5 ||    66
Dodge: Dodged            |    92 |   138 |    10 ||   240
       Rpst.: Falchion   |    28 |    45 |     3 ||    76
